 Dungeon Crawl Stone Soup version 0.31-a0-45-g5f0c076935 (webtiles) character file.

Game seed: 3013075619317749598

79 porpoise the Chopper (level 4, 0/39 (41) HPs)
             Began as a Hill Orc Monk on May 22, 2023.
             Slain by Crazy Yiuf
             ... wielding a +4 quarterstaff of chaos
              (2 damage)
             ... on level 2 of the Dungeon.
             The game lasted 00:04:45 (1931 turns).

porpoise the Chopper (Hill Orc Monk)                Turns: 1931, Time: 00:04:47

HP:   0/39 (41)     AC:  6    Str: 15    XL:     4   Next: 37%
MP:   4/4           EV: 10    Int: 10    God:
Gold: 150           SH:  0    Dex: 13    Spells: 3/3 levels left

rFire   . . .        a - +0 hand axe
rCold   . . .        d - orb {light}
rNeg    . . .        r - +0 scale mail
rPois   .            (no helmet)
rElec   .            (no cloak)
rCorr   .            (no gloves)
SInv    .            (no boots)
Will    .....        (no amulet) Stlth
                     (no ring)
HPRegen 0.26/turn    (no ring)
MPRegen 0.09/turn

%: no passive effects
@: lethally poisoned (0 -> -8), glowing, lightly drained
A: no striking features
a: no special abilities


You were on level 2 of the Dungeon.
You visited 1 branch of the dungeon, and saw 2 of its levels.

You collected 150 gold pieces.

Inventory:

Hand Weapons
 a - a +0 hand axe (weapon)
Armour
 b - a +0 robe
 d - an orb of light (worn)
 q - a +0 ring mail
 r - a +0 scale mail (worn)
Scrolls
 f - a scroll of teleportation {unknown}
 g - 2 scrolls of identify {unknown}
 i - a scroll of torment {unknown}
 k - 2 scrolls of amnesia {unknown}
 m - a scroll of magic mapping {unknown}
 n - a scroll of silence {unknown}
 o - a scroll of noise {unknown}
Potions
 c - a potion of ambrosia
 e - 3 potions of degeneration {unknown}
 h - a potion of magic {unknown}
 j - a potion of curing {unknown}
 l - 2 potions of flight {unknown}
 p - 2 potions of attraction {unknown}


   Skills:
 + Level 4.5 Fighting
 * Level 5.9 Axes
 - Level 2.4 Dodging


You had 3 spell levels left.
You didn't know any spells.
Your spell library was empty.

Dungeon Overview and Level Annotations

Branches:
Dungeon (2/15)

Altars:

Shops:
D:1 (

Annotations:
D:2 Crazy Yiuf


Message History

You hit the kobold.
The kobold is severely wounded.
The kobold hits you with a +0 club.
You hit the kobold.
You kill the kobold!
No target in view!
You see here a +0 club.
You see here a +0 club.
Crazy Yiuf shouts!
You open the door. You hit Crazy Yiuf but do no damage.
Crazy Yiuf laughs, "Paint hog high!"
Crazy Yiuf barely misses you.
You hit Crazy Yiuf.
Crazy Yiuf is moderately wounded.
Crazy Yiuf hits you with a +4 quarterstaff of chaos!
You feel drained.
You barely miss Crazy Yiuf.
Crazy Yiuf is moderately wounded.
Crazy Yiuf barely misses you.
You completely miss Crazy Yiuf.
Crazy Yiuf is moderately wounded.
Crazy Yiuf waves his quarterstaff at you.
Crazy Yiuf hits you with a +4 quarterstaff of chaos!
You are poisoned.
You hit Crazy Yiuf but do no damage.
Crazy Yiuf is moderately wounded.
You feel very sick. Crazy Yiuf closely misses you.
You barely miss Crazy Yiuf.
Crazy Yiuf is moderately wounded.
You feel very sick. Crazy Yiuf barely misses you.
You hit Crazy Yiuf.
Crazy Yiuf is heavily wounded.
You feel sick.
Crazy Yiuf hits you with a +4 quarterstaff of chaos!
* * * LOW HITPOINT WARNING * * *
Crazy Yiuf burns you.
You die...

.##.##.#..#..............#
.##.##.#...#############.#
.##.#......# #.#
.##....##.## ##### #.#
.##..#....# #..)# ###
(##.####### #...# .##.##<#
... .#..##.# #g# .#..##.#
♣♣@♣ ....##.# ♣.♣♣
..#.##.# ♣♣.♣ ..#.##.#####
♣.♣♣ ....##.....# ♣♣.♣♣
>#####..#### ♣...♣♣
###.##..# ♣....♣ ###.##..#
#....# ....##..# #....#


You could see Crazy Yiuf.

Vanquished Creatures
  4 adders (D:2)
  A dart slug (D:1)
  2 bats
  7 endoplasms
  3 giant cockroaches
  4 goblins
  A hobgoblin (D:2)
  2 jackals (D:1)
  3 quokkas
  2 ball pythons
  5 kobolds
  2 rats (D:1)
36 creatures vanquished.

Notes
Turn   | Place    | Note
-------+----------+-------------------------------------------
     0 | D:1      | porpoise the Hill Orc Monk began the quest for the Orb.
     0 | D:1      | Reached XP level 1. HP: 19/19 MP: 1/1
   122 | D:1      | Found a faded altar of an unknown god.
   130 | D:1      | Reached XP level 2. HP: 27/27 MP: 2/2
   470 | D:1      | Reached skill level 5 in Axes
   535 | D:1      | Reached XP level 3. HP: 33/33 MP: 3/3
   734 | D:1      | Found Macwat's Weapon Emporium.
  1191 | D:2      | Found a runed translucent door.
  1192 | D:2      | Noticed Crazy Yiuf
  1249 | D:2      | Reached XP level 4. HP: 41/41 MP: 4/4
  1931 | D:2      | Slain by Crazy Yiuf

Illustrated notes

Levels and vault maps discovered:
D:1:      giann_wishing_wells, layout_rooms, serial_shops, shop,
          shapermc_ecumenical_altar_totnotflames
D:2:      layout_basic, uniq_crazy_yiuf_cottage

Skill      XL: |  1  2 |
---------------+-------+-----
Fighting       | 4 |  4.5
Axes           | 5 |  5.9
Dodging        | |  2.4

Action                     |  1- 3 |  4- 6 || total
---------------------------+-------+-------++-------
  Melee: Hand axe          |    96 |    27 ||   123
 Armour: Robe              |    11 |       ||    11
         Ring mail         |     1 |     5 ||     6
  Dodge: Dodged            |    57 |    20 ||    77

Table legend: (Time is in decaauts)
 A = Elapsed time spent in this place.
 B = Non-inter-level travel time spent in this place.
 C = Inter-level travel time spent in this place.
 D = Time resting spent in this place.
 E = Time spent auto-exploring this place.
 F = Levels seen in this place.
 G = Mean time per level.
                   A        B        C        D        E       F      G
               +--------+--------+--------+--------+--------+-----+--------+
         Total |   1937 |   1850 |     87 |    345 |   1172 |   2 |  968.5 |
       Dungeon |   1937 |   1850 |     87 |    345 |   1172 |   2 |  968.5 |
               +--------+--------+--------+--------+--------+-----+--------+

Top non-repeatable levels by time:
     D:2: 1081 daAuts
     D:1: 856 daAuts
